 Dungeon Crawl Stone Soup version 0.31.0-32-g396128a36d (webtiles) character file.

Game seed: 13196226006343284499

1575 cirn0 the Thaumaturge (level 8, 0/46 HPs)
             Began as a Deep Elf Conjurer on Mar 30, 2024.
             Succumbed to a water moccasin's poison
             ... on level 5 of the Dungeon.
             The game lasted 00:12:23 (5273 turns).

cirn0 the Thaumaturge (Deep Elf Conjurer)           Turns: 5273, Time: 00:12:23

Health: 0/46       AC:  4    Str:  4    XL:     8   Next: 60%
Magic:  8/22       EV: 14    Int: 26    God:
Gold:   195        SH:  5    Dex: 13    Spells: 20/23 levels left

rFire   + . .        h - +2 whip (venom)
rCold   + . .        (no shield)
rNeg    . . .        a - +0 robe
rPois   +            (no helmet)
rElec   +            (no cloak)
rCorr   +            k - +0 pair of gloves
SInv    .            j - +0 pair of boots
Will    .....        w - amulet of reflection
Stlth   ++           (no ring)
HPRegen 0.27/turn    (no ring)
MPRegen 0.18/turn

%: reflection
@: lethally poisoned (0 -> -36), resistant
A: no striking features
a: no special abilities


You were on level 5 of the Dungeon.
You visited 1 branch of the dungeon, and saw 5 of its levels.

You collected 247 gold pieces.
You spent 52 gold pieces at shops.

Inventory:

Hand Weapons
 h - a +2 whip of venom (weapon)
Armour
 a - a +0 robe (worn)
 i - the +2 buckler "Sefoyrei" {rC- rN+ Regen+ Dex+2}
   (You found it on level 2 of the Dungeon)

   Dex+2:     It affects your dexterity (+2).
   rC-:       It makes you vulnerable to cold.
   rN+:       It protects you from negative energy.
   Regen+:    It increases your rate of health regeneration.
 j - a +0 pair of boots (worn)
 k - a +0 pair of gloves (worn)
 v - the +1 ring mail "Oreosude" {rElec rN+ Dex+4}
   (You found it on level 5 of the Dungeon)

   Dex+4:     It affects your dexterity (+4).
   rElec:     It insulates you from electricity.
   rN+:       It protects you from negative energy.
Jewellery
 w - an amulet of reflection (around neck)
Scrolls
 g - 2 scrolls of fog
 o - 2 scrolls of enchant weapon
 q - a scroll of immolation {unknown}
 r - a scroll of teleportation {unknown}
 s - a scroll of fear {unknown}
 t - a scroll of revelation {unknown}
 u - a scroll of identify
Potions
 b - 2 potions of magic
 c - a potion of lignification {unknown}
 d - 3 potions of degeneration
 e - a potion of invisibility
 f - 4 potions of enlightenment
 l - a potion of haste {unknown}
 m - a potion of curing {unknown}
 n - a potion of might {unknown}
 p - a potion of resistance


   Skills:
 + Level 3.1 Fighting
 + Level 5.2 Dodging
 - Level 2.4 Stealth
 + Level 3.6 Shields
 * Level 8.0 Spellcasting
 * Level 7.6 Conjurations


You had 20 spell levels left.
You knew the following spells:

 Your Spells              Type           Power      Damage    Failure   Level
a - Magic Dart            Conj           100%       1d8       1%          1
b - Searing Ray           Conj           100%       2d8       1%          2

Your spell library contained the following spells:

 Spells                   Type           Power      Damage    Failure   Level
 Fulminant Prism          Conj/Alch      15%        3d10      12%         4
 Iskenderun's Mystic Bla  Conj/Tloc      30%        2d8       12%         4


Dungeon Overview and Level Annotations

Branches:
Dungeon (5/15)
 Temple: D:4-7

Altars:
Dithmenos
Fedhas
Makhleb
Okawaru
Xom
Zin

Shops:
D:2 ?   D:5 *


Message History

The searing ray hits the water moccasin!
The water moccasin is almost dead.
You finish channelling your searing ray.
You feel very sick. The water moccasin barely misses you.
The water moccasin bites you but does no damage. x2
You feel very sick.
Casting: Searing Ray (safe; 1% risk of failure)
Confirm with . or Enter, or press ? or * to list all spells.
Aiming: Searing Ray (safe; 1% risk of failure)
Press: ? - help, Shift-Dir - straight line, f - water moccasin
Aim: a water moccasin (moderately wounded, 72% to hit)
The searing ray misses the water moccasin. (Press . to maintain the ray.)
You feel sick. The water moccasin misses you.
You block the water moccasin's attack.
The searing ray hits the water moccasin.
The water moccasin is heavily wounded.
You feel very sick. The water moccasin closely misses you.
You block the water moccasin's attack.
The water moccasin completely misses you.
The searing ray hits the water moccasin.
The water moccasin is heavily wounded.
You feel sick. The water moccasin bites you.
You are lethally poisoned!
The water moccasin poisons you!
The water moccasin bites you but does no damage.
The water moccasin bites you.
The searing ray hits the water moccasin!
The water moccasin is almost dead.
You finish channelling your searing ray.
* * * LOW HITPOINT WARNING * * *
You feel very sick. The water moccasin bites you.
* * * LOW HITPOINT WARNING * * *
You are more poisoned.
The water moccasin poisons you! The water moccasin barely misses you.
It was a potion of resistance.
You feel protected.
You die...

#.<...............###.#.......#
###.........###.......#...##.....
............# ##...##............
##..........#####...##..≈≈≈≈≈≈≈≈≈
##...~~~............###.§§§.....≈
...~≈≈≈≈~~..####.....>..≈.§§§≈≈.≈
..~≈≈≈≈≈≈≈~.............§§≈§.$≈.≈
.~≈≈≈≈~≈≈≈≈~.###........≈§≈§_.≈.≈
.~≈≈~.>♣~≈≈~..##@S......≈§§§.....
~≈≈~.P.PP~≈≈~.##S#####..≈.≈≈≈§≈.≈
~≈≈~.._.P≈≈≈~....# #..≈......
~~≈≈♣♣.P♣≈≈≈~..#.'.∩.+..≈≈≈≈≈≈≈
.~≈≈≈P<.~≈≈≈..##.#...#........
.~~≈≈~~≈≈≈~~.###.#####
..~~≈≈≈≈≈≈~..# #.. #..≈~~≈~~~..#
..# ~~...# .##


You could see 2 water moccasins.

Vanquished Creatures
  Pikel (D:3)
  A water moccasin (D:5)
  2 ogres (D:5)
  Blork the orc (D:4)
  4 scorpions (D:5)
  A bullfrog (D:5)
  2 gnoll boudas
  2 jellies
  A sleepcap (D:4)
  An orc wizard (D:5)
  3 iguanas (D:5)
  7 gnolls
  10 adders
  2 dart slugs (D:4)
  2 ribbon worms
  5 orcs
  10 ball pythons
  8 endoplasms
  3 giant cockroaches
  5 goblins
  4 hobgoblins
  10 jackals
  5 kobolds
  3 quokkas
  9 bats
  6 frilled lizards
  7 rats
115 creatures vanquished.

Notes
Turn   | Place    | Note
-------+----------+-------------------------------------------
     0 | D:1      | cirn0 the Deep Elf Conjurer began the quest for the Orb.
     0 | D:1      | Reached XP level 1. HP: 10/10 MP: 6/6
   257 | D:1      | Reached XP level 2. HP: 15/15 MP: 5/8
   260 | D:1      | Learned a level 2 spell: Searing Ray
   989 | D:2      | Reached XP level 3. HP: 20/20 MP: 6/10
  1081 | D:2      | Reached skill level 4 in Spellcasting
  1153 | D:2      | Found Foqovu's Magic Scroll Shoppe.
  1166 | D:2      | Bought a scroll of identify for 26 gold pieces
  1166 | D:2      | Bought a scroll of identify for 26 gold pieces
  1316 | D:2      | Reached skill level 5 in Conjurations
  1401 | D:2      | Identified the +2 buckler "Sefoyrei" {rC- rN+ Regen+ Dex+2}
  2174 | D:3      | Reached XP level 4. HP: 24/24 MP: 9/12
  2355 | D:3      | Reached skill level 1 in Fighting
  2455 | D:3      | Found an iron altar of Okawaru.
  3078 | D:4      | Noticed Blork the orc
  3078 | D:4      | Noticed Pikel
  3078 | D:4      | Noticed a lemure
  3078 | D:4      | Noticed a lemure
  3078 | D:4      | Noticed a lemure
  3079 | D:4      | Noticed a lemure
  3111 | D:3      | Reached skill level 1 in Shields
  3111 | D:3      | Reached XP level 5. HP: 25/29 MP: 1/13
  3453 | D:4      | Reached skill level 5 in Spellcasting
  3529 | D:3      | Killed Pikel
  3530 | D:3      | Reached skill level 6 in Spellcasting
  3530 | D:3      | Reached XP level 6. HP: 9/35 MP: 1/17
  3530 | D:3      | Reached XP level 7. HP: 10/40 MP: 1/18
  3651 | D:4      | Killed Blork the orc
  4092 | D:4      | Found a shadowy altar of Dithmenos.
  4093 | D:4      | Found a glowing silver altar of Zin.
  4094 | D:4      | Found a shimmering altar of Xom.
  4386 | D:5      | Entered Level 5 of the Dungeon
  4409 | D:5      | Found a blossoming altar of Fedhas.
  4533 | D:5      | Reached skill level 7 in Spellcasting
  4533 | D:5      | Reached XP level 8. HP: 45/45 MP: 12/20
  4787 | D:5      | Identified the +1 ring mail "Oreosude" {rElec rN+ Dex+4}
  4920 | D:5      | Found a burning altar of Makhleb.
  4930 | D:5      | Reached skill level 5 in Dodging
  5258 | D:5      | Found Avueser's Serpentskin Sales.
  5265 | D:5      | Reached skill level 8 in Spellcasting
  5273 | D:5      | Succumbed to a water moccasin's poison

Illustrated notes

Levels and vault maps discovered:
D:1:      matt_arrival_diagonals, layout_loops_ring
D:2:      layout_basic, serial_shops, shop
D:3:      layout_loops_corners, okawaru_metal_pillars_1_2
D:4:      layout_cave_pools, chequers_temple_overflow_statue_of_worship,
          serial_library_hellmonk_open_cross, uniq_blork_the_orc, uniq_pikel
D:5:      layout_rooms, mainiacjoe_overflow_concentric_impassable,
          fedhas_ov_isle_minmay, guppyfry_shop_venom, uniq_edmund

Skill      XL: |  1  2  3  4  5  6  7  8 |
---------------+-------------------------+-----
Spellcasting   | 4 6 7 8 |  8.0
Dodging        | 3 4 5 |  5.2
Conjurations   | 5 6 7 |  7.6
Fighting       | 1 2 3 |  3.1
Shields        | 1 2 3 |  3.6
Stealth        | |  2.4

Action                     |  1- 3 |  4- 6 |  7- 9 || total
---------------------------+-------+-------+-------++-------
  Melee: Unarmed           |     9 |       |       ||     9
         Whip              |       |       |     1 ||     1
   Cast: Magic Dart        |    77 |    49 |    73 ||   199
         Searing Ray       |     1 |    11 |    30 ||    42
    Use: Scroll            |     4 |       |     1 ||     5
         Potion            |       |       |     1 ||     1
 Armour: Robe              |     7 |    22 |    59 ||    88
  Dodge: Dodged            |     7 |     8 |    73 ||    88
  Block: Buckler           |       |     6 |    12 ||    18
         Other             |       |       |     5 ||     5
